 Dungeon Crawl Stone Soup version 0.24.0-13-gcf9b319 (webtiles) character file.

Game seed: 2274905813225208842, levelgen mode: deterministic

250 Balder the Covered (level 6, 0/47 HPs)
             Began as a Human Fighter on Apr 19, 2020.
             Succumbed to a wight's poison
             ... on level 3 of the Dungeon.
             The game lasted 00:09:18 (2980 turns).

Balder the Covered (Human Fighter)                  Turns: 2980, Time: 00:09:18

Health: 0/47       AC: 11    Str: 15 (17) XL:     6   Next: 35%
Magic:  6/6        EV: 11    Int:  7 (9)  God:
Gold:   128        SH:  8    Dex: 17 (18) Spells: 5/5 levels left

rFire    + . .     SeeInvis .   a - +0 long sword
rCold    + . .     Gourm    .   c - +0 shield
rNeg     . . .     Faith    .   b - +0 scale mail
rPois    +         Spirit   .   i - +0 helmet
rElec    +         Reflect  .   d - +1 cloak {+Inv}
rCorr    +         Harm     .   (no gloves)
MR       .....                  (no boots)
Stlth    +.........             (no amulet)
HPRegen  0.15/turn              (no ring)
MPRegen  0.10/turn              (no ring)

@: agile, lethally poisoned (0 -> -11), resistant, flying, hasted, heavily
drained, very quick
A: iridescent scales 1, subdued magic 1
a: Evoke Invisibility


You were on level 3 of the Dungeon.
You were hungry.

You visited 1 branch of the dungeon, and saw 3 of its levels.

You collected 128 gold pieces.

Inventory:

Hand Weapons
 a - a +0 long sword (weapon)
 h - a +0 whip
 s - a +2 short sword of electrocution
 u - a +3 quarterstaff of chaos
 y - a +0 hunting sling
Missiles
 A - 25 bolts
Armour
 b - a +0 scale mail (worn)
 c - a +0 shield (worn)
 d - a +1 cloak of invisibility (worn)
 i - a +0 helmet (worn)
Jewellery
 m - an uncursed ring of stealth {unknown}
 p - a +2 ring of strength {unknown}
 t - a cursed -2 ring of strength {unknown}
Wands
 w - a wand of polymorph (5)
Scrolls
 n - 2 scrolls of amnesia {unknown}
 o - a scroll of enchant weapon {unknown}
 q - a scroll of enchant armour {unknown}
 r - 4 scrolls of remove curse {unknown}
 v - a scroll of blinking {unknown}
 C - a scroll of teleportation {unknown}
Potions
 g - a potion of resistance
 j - a potion of flight
 x - a potion of degeneration
Comestibles
 f - 3 rations


   Skills:
 * Level 3.5(1.5) Fighting
 * Level 3.5(1.5) Long Blades
 * Level 1.3(0.0) Maces & Flails
 * Level 1.2(0.0) Throwing
 * Level 3.7(1.8) Armour
 * Level 1.5(0.0) Dodging
 * Level 1.5(0.0) Stealth
 * Level 3.6(1.7) Shields


You had 5 spell levels left.
You didn't know any spells.
Your spell library was empty.

Dungeon Overview and Level Annotations

Branches:
Dungeon (3/15)

Altars:
Sif Muna

Annotations:
D:3 Ijyb


Innate Abilities, Weirdness & Mutations

You are partially covered in iridescent scales. (AC +2)
Your spells are a little easier to cast, but a little less powerful.


Message History

It was a potion of agility.
You feel agile all of a sudden.
You feel sick. The wight hits you but does no damage.
You are lethally poisoned!
It was a potion of haste.
You feel yourself speed up.
* * * LOW HITPOINT WARNING * * *
You feel sick.
You are feeling hungry.
You hit the adder but do no damage.
* * * LOW HITPOINT WARNING * * *
You feel sick. You block the wight's attack. The adder bites you.
* * * LOW HITPOINT WARNING * * *
You hit the adder.
The adder is moderately wounded.
* * * LOW HITPOINT WARNING * * *
You feel sick. You block the bat's attack. The wight barely misses you.
You block the adder's attack.
You miss the adder.
The adder is moderately wounded.
You die...

.###.##........#
..........#.#.##
####.......##.####
####.............#
...........#####.#
.####......# #)# .#
#.##.#.#####.####
##
#.##.#........bg###
# #.#
.#######@Szg..# #.#
.........###.# .#
.#####...# ...
##.<# g#... #...
....... ##... .#
..## .... .. ...
....... ###


You could see Ijyb, a wight, an adder, a hobgoblin and a bat.

Vanquished Creatures
  2 wights (D:3)
  Crazy Yiuf (D:2)
  Jessica (D:2)
  Natasha (twice) (D:2)
  2 adders
  A worm (D:3)
  An orc (D:3)
  5 giant cockroaches
  4 goblins
  5 hobgoblins
  4 jackals (D:2)
  2 kobolds
  A quokka (D:2)
  6 bats
  A frilled lizard (D:1)
  5 rats
43 creatures vanquished.

Notes
Turn   | Place    | Note
-------+----------+-------------------------------------------
     0 | D:1      | Balder the Human Fighter began the quest for the Orb.
     0 | D:1      | Reached XP level 1. HP: 18/18 MP: 1/1
   140 | D:1      | Reached XP level 2. HP: 24/24 MP: 2/2
   619 | D:1      | Reached XP level 3. HP: 28/29 MP: 3/3
  1276 | D:2      | Noticed Jessica
  1287 | D:2      | Killed Jessica
  1287 | D:2      | Reached XP level 4. HP: 35/35 MP: 4/4
  1314 | D:2      | Found a shimmering blue altar of Sif Muna.
  1355 | D:2      | Reached skill level 1 in Stealth
  1700 | D:2      | Noticed Natasha
  1710 | D:2      | Killed Natasha
  1710 | D:2      | Reached skill level 1 in Maces & Flails
  1710 | D:2      | Reached skill level 1 in Dodging
  1836 | D:2      | Found a runed translucent door.
  1837 | D:2      | Noticed Crazy Yiuf
  1844 | D:2      | Killed Crazy Yiuf
  1844 | D:2      | Reached XP level 5. HP: 29/41 MP: 5/5
  2156 | D:2      | Noticed Natasha
  2180 | D:2      | Killed Natasha
  2180 | D:2      | Reached skill level 1 in Throwing
  2660 | D:3      | Found a faded altar of an unknown god.
  2761 | D:3      | Reached XP level 6. HP: 20/47 MP: 6/6
  2949 | D:3      | Noticed Ijyb
  2971 | D:3      | Gained mutation: Your spells are a little easier to cast,
                  | but a little less powerful. [potion of mutation]
  2971 | D:3      | Gained mutation: You are partially covered in iridescent
                  | scales. (AC +2) [potion of mutation]
  2978 | D:3      | HP: 2/47 [adder (4)]
  2980 | D:3      | Succumbed to a wight's poison

Levels and vault maps discovered:
D:1:      minmay_arrival_glassed_features, layout_basic, minmay_unequal
D:2:      layout_basic, led_sif_pool, roderic_lattice_a, uniq_natasha,
          uniq_jessica, uniq_crazy_yiuf_cottage
D:3:      layout_loops_ring, nicolae_overflow_hidden_temple,
          chequers_ecumenical_altar_simple_redux, uniq_sigmund, uniq_ijyb

Skill      XL: |  1  2  3  4  5 |
---------------+----------------+-----
Stealth        | 1 |  1.5
Maces & Flails | 1 |  1.3
Dodging        | 1 |  1.5
Long Blades    | 3 |  3.5
Throwing       | 1 |  1.2
Fighting       | |  3.5
Armour         | |  3.7
Shields        | |  3.6

Action                   |  1- 3 |  4- 6 || total
-------------------------+-------+-------++-------
Melee: Long sword        |    86 |   114 ||   200
       Unarmed           |     2 |     3 ||     5
  Use: Scroll            |     1 |       ||     1
       Potion            |       |     8 ||     8
  Eat: Chunk             |     1 |     2 ||     3
       Ration            |       |     1 ||     1
Armor: Scale mail        |    56 |    49 ||   105
       Skin              |       |     2 ||     2
Dodge: Dodged            |    26 |    27 ||    53
Block: Shield            |    42 |    52 ||    94
       Rpst.: Long sword |     8 |     7 ||    15
